 Dungeon Crawl Stone Soup version 0.27-a0-412-g8dd771eca2 (webtiles) character file.

Game seed: 8918341420417800834

4 mg7810 the Sneak (level 1, 0/18 HPs)
             Began as a Human Delver on Feb 24, 2021.
             Succumbed to an adder's poison
             ... on level 3 of the Dungeon.
             The game lasted 00:01:03 (284 turns).

mg7810 the Sneak (Human Delver)                      Turns: 284, Time: 00:01:04

Health: 0/18       AC:  3    Str: 12    XL:     1   Next: 66%
Magic:  1/1        EV: 12    Int: 10    God:
Gold:   0          SH:  0    Dex: 14    Spells: 0/0 levels left

rFire    . . .     SeeInvis .   a - +0 hand axe
rCold    . . .     Faith    .   (no shield)
rNeg     . . .     Spirit   .   b - +0 leather armour
rPois    .         Reflect  .   (no helmet)
rElec    .         Harm     .   (no cloak)
rCorr    .         Rampage  .   (no gloves)
Will     .....                  (no boots)
Stlth    +++.......             (no amulet)
HPRegen  0.06/turn              (no ring)
MPRegen  0.07/turn              (no ring)

@: lethally poisoned (0 -> -23)
A: no striking features
a: no special abilities


You were on level 3 of the Dungeon.
You visited 1 branch of the dungeon, and saw 3 of its levels.

Inventory:

Hand Weapons
 a - a +0 hand axe (weapon)
Armour
 b - a +0 leather armour (worn)
Wands
 g - a wand of digging (8)
Scrolls
 c - a scroll of fog
 d - a scroll of magic mapping
 e - a scroll of fear


   Skills:
 + Level 3.0 Fighting
 + Level 2.0 Axes
 * Level 0.1 Armour
 + Level 2.0 Dodging
 + Level 5.1 Stealth
 * Level 0.1 Evocations


You couldn't memorise any spells.
You didn't know any spells.
Your spell library was empty.

Dungeon Overview and Level Annotations

Branches:
Dungeon (5/15)
 Temple: D:4-7

Altars:


Message History

You slash the dart slug!
You kill the dart slug!
The helpless goblin fails to defend itself.
You hit the goblin.
You kill the goblin!
You see here a +0 club.
An adder comes into view.
An adder is nearby!
The adder hisses angrily.
The adder barely misses you.
You hit the adder.
The adder is heavily wounded.
The adder bites you. The adder closely misses you.
You closely miss the adder.
The adder is heavily wounded.
The adder bites you.
You are poisoned.
The adder poisons you! The adder closely misses you.
You hit the adder but do no damage.
The adder is heavily wounded.
You feel sick. The adder barely misses you.
You hit the adder but do no damage.
The adder is heavily wounded.
You feel sick. The adder bites you.
You are lethally poisoned!
The adder poisons you! The adder bites you but does no damage.
You barely miss the adder.
The adder is heavily wounded.
You feel sick. The adder bites you.
You are more poisoned.
The adder poisons you!
You miss the adder.
The adder is heavily wounded.
You feel sick. The adder bites you.
* * * LOW HITPOINT WARNING * * *
You are more poisoned.
The adder poisons you! The adder bites you but does no damage.
You hit the adder but do no damage.
The adder is heavily wounded.
You die...

#.# #.# ####.....
.........
.######.# .#
#.########## .#
#.#........#
.######.#.######.#
..).....#.# #@#
..........# #S#
########### #..
####


You could see an adder.

Vanquished Creatures
  A dart slug (D:3)
  A goblin (D:3)
2 creatures vanquished.

Notes
Turn   | Place    | Note
-------+----------+-------------------------------------------
     0 | D:5      | mg7810 the Human Delver began the quest for the Orb.
     0 | D:5      | Reached XP level 1. HP: 18/18 MP: 1/1
    86 | D:5      | Noticed an orc wizard
    86 | D:5      | Noticed an orc warrior
    93 | D:5      | Noticed a worker ant
   284 | D:3      | Succumbed to an adder's poison

Illustrated notes

Levels and vault maps discovered:
D:3:      layout_loops_ring, nzn_hepliaklqana_mist_gate, marbit_many_paths,
          okawaru_ov_weapons_minmay, chequers_ecumenical_altar_simple,
          amcnicky_mini_rare_corridor_liquid
D:4:      layout_rooms, grunt_temple_overflow_growth_and_decay,
          lightli_temple_of_fire, yredelemnul_forgotten_temple_becter,
          uniq_blork_the_orc
D:5:      layout_gridville, slow_altar_2, minmay_temple_entry_proselytizer

Action                   || total
-------------------------++-------
Melee: Hand axe          ||    13
  Use: Potion            ||     1
 Stab: Sleeping          ||     1
Armor: Leather armour    ||     3
Dodge: Dodged            ||    13

Table legend: (Time is in decaauts)
 A = Elapsed time spent in this place.
 B = Non-inter-level travel time spent in this place.
 C = Inter-level travel time spent in this place.
 D = Time resting spent in this place.
 E = Time spent auto-exploring this place.
 F = Levels seen in this place.
 G = Mean time per level.
                   A        B        C        D        E       F      G
               +--------+--------+--------+--------+--------+-----+--------+
         Total |    266 |    266 |      0 |      0 |    122 |   3 |   88.7 |
       Dungeon |    266 |    266 |      0 |      0 |    122 |   3 |   88.7 |
               +--------+--------+--------+--------+--------+-----+--------+

Top non-repeatable levels by time:
     D:3: 157 daAuts
     D:5: 99 daAuts
     D:4: 9 daAuts
